 Dungeon Sprint DCSS version 0.29-a0-275-g389c0b56f3 (webtiles) character file.

Game seed: 1886972112386204808

5298 mhtbhm the Severer (level 10, -6/112 HPs)
             Began as a Minotaur Berserker on Mar 12, 2022.
             Was the Champion of Trog.
             Engulfed by a cloud of freezing vapour (25 damage)
             ... in the Dungeon (Sprint II: "The Violet Keep of Menkaure").
             The game lasted 00:03:36 (2131 turns).

mhtbhm the Severer (Minotaur Berserker)             Turns: 2131, Time: 00:03:36

Health: -6/112     AC: 12    Str: 26    XL:     10   Next: 37%
Magic:  9/9        EV: 13    Int:  4    God:    Trog [******]
Gold:   305        SH:  5    Dex: 14    Spells: 9/9 levels left

rFire   + . .      SeeInvis .   a - +3 broad axe (vorpal)
rCold   . . .      Faith    .   (no shield)
rNeg    . . .      Spirit   .   b - +1 chain mail of the Maze {rElec Will+ Dex+4}
rPois   .          Reflect  +   (helmet restricted)
rElec   +          Harm     .   (no cloak)
rCorr   .          Rampage  .   (no gloves)
Will    ++...      NoTele   +   (no boots)
Stlth   ..........              d - amulet of Fuse {Reflect rF+ Will+ SH+5}
HPRegen 0.28/turn               (no ring)
MPRegen 0.11/turn               (no ring)

@: on berserk cooldown, slowed, very slow
A: horns 2, retaliatory headbutt
a: Renounce Religion, Berserk, Trog's Hand, Brothers in Arms


You were in the Dungeon.
You worshipped Trog.
Trog was exalted by your worship.
You visited 1 branch You collected 1196 gold pieces.
You spent 891 gold pieces at shops.

Inventory:

Hand Weapons
 a - a +3 vorpal broad axe (weapon)
Armour
 b - the +1 chain mail of the Maze (worn) {rElec Will+ Dex+4}
   (You bought it in a shop in the Dungeon)

   Dex:       It affects your dexterity (+4).
   rElec:     It insulates you from electricity.
   Will:      It increases your willpower.
Jewellery
 d - the amulet of Fuse (around neck) {Reflect rF+ Will+ SH+5}
   (You bought it in a shop in the Dungeon)

   [amulet of reflection]

   It reflects blocked missile attacks.
   rF:        It protects you from fire.
   SH:        It affects your SH (+5).
   Will:      It increases your willpower.
 q - a ring of fire
Scrolls
 h - 3 scrolls of blinking
 j - 3 scrolls of amnesia {unknown}
 l - a scroll of brand weapon {unknown}
 m - 3 scrolls of magic mapping {unknown}
 n - a scroll of enchant weapon {unknown}
 o - a scroll of enchant armour {unknown}
 p - 3 scrolls of identify {unknown}
 r - 3 scrolls of fog {unknown}
 t - 2 scrolls of vulnerability {unknown}
 u - a scroll of fear {unknown}
Potions
 c - 2 potions of curing
 e - a potion of haste
 f - 6 potions of magic
 g - a potion of berserk rage
 i - 3 potions of might {unknown}
 k - 3 potions of brilliance {unknown}
 s - 3 potions of flight {unknown}
 v - a potion of mutation {unknown}
 w - 3 potions of resistance {unknown}


   Skills:
 + Level 18.0 Fighting
 + Level 18.3 Axes
 + Level 10.3 Armour
 + Level 10.0 Dodging
 + Level 2.2 Stealth
 + Level 2.2 Shields


You had 9 spell levels left.
You didn't know any spells.
Your spell library was empty.

Dungeon Overview and Level Annotations

Branches:
Dungeon (1/1)

Altars:
Cheibriados
Dithmenos
Elyvilon
Fedhas
Gozag
Hepliaklqana
Kikubaaqudgha
Makhleb
Nemelex Xobeh
Okawaru
Qazlal
Ru
Sif Muna
Trog
Uskayaw
Vehumet
Wu Jian
Xom
Yredelemnul
Zin
The Shining One
Beogh
Jiyva
Lugonu

Shops:
D =:!?![([?:[(=!=

Annotations:
D exclusion: oklob plant


Innate Abilities, Weirdness & Mutations

You have a pair of horns on your head.
You reflexively headbutt those who attack you in melee.


Message History

You are engulfed in freezing vapours.
* * * LOW HITPOINT WARNING * * *
Your Fighting skill increases to level 18!
Your Dodging skill increases to level 10!
Really walk into that cloud of freezing vapour? [Y]es or [N]o only, please.
Really walk into that cloud of freezing vapour?
Uppercase [Y]es or [N]o only, please.
Really walk into that cloud of freezing vapour?
Uppercase [Y]es or [N]o only, please.
Really walk into that cloud of freezing vapour? [Y]es or [N]o only, please.
Really walk into that cloud of freezing vapour? [Y]es or [N]o only, please.
Really walk into that cloud of freezing vapour? [Y]es or [N]o only, please.
Really walk into that cloud of freezing vapour?
Okay, then.
Unknown command.
You feel a strong urge to attack something.
You are engulfed in freezing vapours.
* * * LOW HITPOINT WARNING * * *
You are engulfed in freezing vapours.
* * * LOW HITPOINT WARNING * * *
Really walk into that cloud of freezing vapour? [Y]es or [N]o only, please.
Really walk into that cloud of freezing vapour?
Okay, then.
You are too berserk!
Unknown command.
Really walk into that cloud of freezing vapour?
You feel your anger nearly subside.
You are engulfed in freezing vapours.
* * * LOW HITPOINT WARNING * * *
You are no longer berserk.
You are exhausted.
You feel yourself slow down.
Unknown command.
You feel better.
You are engulfed in freezing vapours.
You die...

''#'°'#≈≈≈§≈≈≈§§#_._._._.#§≈≈≈§≈
..°°..##§≈§###≈§#._._._._#≈≈≈≈≈§
○zz°.##≈≈ #§≈#_._._._.#§≈≈§≈§
≈z°.°.+≈≈#+#≈≈#..._._._#§≈§≈▓▓
.°°○°##≈≈§≈≈≈≈##########≈§§≈▓z
###########≈≈≈≈≈≈≈≈≈§§§§▓z
##°°°○○°°###≈########§▓▓▓▓▓
##.°°°○°°°°##≈# #▓▓
+°°.○○°.°..@○°# ##..☼○○°☼°.####
##.○°○☼°.## ######### +33 ###


You could see a sixfirhy.

Vanquished Creatures
  A kraken (D)
  An ice statue (D)
  A merfolk siren (D)
  A yaktaur (D)
  3 polar bears (D)
  A hornet (D)
  9 flying skulls (D)
  2 wyverns (D)
  3 water moccasins (D)
  4 scorpions (D)
  4 necrophages (D)
  A hell rat (D)
  4 tentacles (D)
35 creatures vanquished.

Vanquished Creatures (others)
  Menkaure (D)
  2 water moccasins (D)
  5 tentacles (D)
8 creatures vanquished.

Grand Total: 43 creatures vanquished

Notes
Turn   | Place    | Note
-------+----------+-------------------------------------------
     0 | D        | mhtbhm the Minotaur Berserker began the quest for the Orb.
     0 | D        | Reached XP level 1. HP: 19/19 MP: 0/0
     1 | D        | Noticed a scorpion
     1 | D        | Noticed a scorpion
     5 | D        | Killed a scorpion
     6 | D        | Reached XP level 2. HP: 22/31 MP: 1/1
     6 | D        | Reached XP level 3. HP: 27/38 MP: 2/2
     9 | D        | Killed a scorpion
    10 | D        | Reached XP level 4. HP: 28/48 MP: 3/3
   210 | D        | Noticed a scorpion
   210 | D        | Noticed a scorpion
   219 | D        | Killed a scorpion
   219 | D        | Reached ** piety under Trog
   220 | D        | Reached XP level 5. HP: 56/56 MP: 4/4
   226 | D        | Reached skill level 5 in Armour
   369 | D        | Noticed a wyvern
   369 | D        | Noticed a wyvern
   373 | D        | Killed a wyvern
   374 | D        | Reached skill level 10 in Fighting
   374 | D        | Reached skill level 10 in Axes
   374 | D        | Reached skill level 5 in Dodging
   374 | D        | Reached XP level 6. HP: 67/67 MP: 5/5
   375 | D        | Killed a wyvern
   416 | D        | Noticed a merfolk siren
   430 | D        | Killed a merfolk siren
   430 | D        | Reached *** piety under Trog
   431 | D        | Reached XP level 7. HP: 32/79 MP: 6/6
   547 | D        | Killed Menkaure
   622 | D        | Reached **** piety under Trog
   623 | D        | Reached XP level 8. HP: 86/86 MP: 7/7
   626 | D        | Noticed a flying skull
   626 | D        | Noticed a flying skull
   626 | D        | Noticed a flying skull
   627 | D        | Noticed a flying skull
   627 | D        | Noticed a flying skull
   628 | D        | Noticed a flying skull
   628 | D        | Noticed a flying skull
   628 | D        | Noticed a flying skull
   628 | D        | Noticed a flying skull
   628 | D        | Noticed a flying skull
   641 | D        | Killed a flying skull
   941 | D        | Found Pomosam's Antique Weapon Boutique.
   941 | D        | Found Jousi's Distillery.
   941 | D        | Found Vusmosse's Antique Armour Shop.
   942 | D        | Found Uduepn's Jewellery Shop.
   942 | D        | Found Gegouhih's Book Shop.
   942 | D        | Found Defeggil's Magic Scroll Boutique.
   942 | D        | Found Aniopt's Antique Armour Shop.
   942 | D        | Found Irghu's Antique Weapon Boutique.
   943 | D        | Found Sisa's Distillery.
   943 | D        | Found Giluefoe's Magic Scroll Shop.
   943 | D        | Noticed a shining eye
  1118 | D        | Found Xuigea's Jewellery Shop.
  1118 | D        | Found Zirchul's Armour Boutique.
  1120 | D        | Noticed a flying skull
  1128 | D        | Killed a flying skull
  1132 | D        | Killed a flying skull
  1136 | D        | Killed a flying skull
  1136 | D        | Reached ***** piety under Trog
  1137 | D        | Reached skill level 15 in Axes
  1142 | D        | Killed a flying skull
  1142 | D        | Received a gift from Trog
  1143 | D        | Reached skill level 15 in Fighting
  1143 | D        | Killed a flying skull
  1144 | D        | Reached skill level 1 in Stealth
  1144 | D        | Reached XP level 9. HP: 16/97 MP: 8/8
  1483 | D        | Found Tizeqy Ashy's Distillery.
  1483 | D        | Noticed a shining eye
  1483 | D        | Noticed a shining eye
  1483 | D        | Noticed an oklob plant
  1484 | D        | Found Niril's Book Shoppe.
  1484 | D        | Found Valyst's Jewellery Boutique.
  1485 | D        | Noticed a fire dragon
  1500 | D        | Bought an ancient chain mail for 247 gold pieces
  1500 | D        | Identified the +1 chain mail of the Maze {rElec Will+
                  | Dex+4} (You bought it in a shop in the Dungeon)
  1507 | D        | Noticed an iron elemental
  1533 | D        | Bought the amulet of Fuse {Reflect rF+ Will+ SH+5} for 644
                  | gold pieces
  1568 | D        | Found a stormy altar of Qazlal.
  1575 | D        | Found an ornate altar of the Wu Jian Council.
  1576 | D        | Found a hazy altar of Hepliaklqana.
  1576 | D        | Found a sacrificial altar of Ru.
  1577 | D        | Found a viscous altar of Jiyva.
  1577 | D        | Found a shimmering blue altar of Sif Muna.
  1578 | D        | Found a shimmering altar of Xom.
  1582 | D        | Found a snail-covered altar of Cheibriados.
  1582 | D        | Found an ancient bone altar of Kikubaaqudgha.
  1582 | D        | Found a bloodstained altar of Trog.
  1583 | D        | Found a shadowy altar of Dithmenos.
  1583 | D        | Found a corrupted altar of Lugonu.
  1584 | D        | Found a white marble altar of Elyvilon.
  1584 | D        | Found a burning altar of Makhleb.
  1585 | D        | Found a blossoming altar of Fedhas.
  1586 | D        | Found an opulent altar of Gozag.
  1586 | D        | Noticed a polar bear
  1586 | D        | Noticed a polar bear
  1587 | D        | Noticed a yaktaur
  1592 | D        | Killed a polar bear
  1592 | D        | Noticed a polar bear
  1595 | D        | Killed a polar bear
  1596 | D        | Killed a polar bear
  1599 | D        | Killed a yaktaur
  1734 | D        | Noticed a kraken
  1763 | D        | Killed a kraken
  1764 | D        | Reached skill level 1 in Shields
  1764 | D        | Reached XP level 10. HP: 63/112 MP: 9/9
  1826 | D        | Found the +5 robe of Misfortune {Harm *Corrode *Slow EV+5}
  1908 | D        | Reached ****** piety under Trog
  2006 | D        | Found a sparkling altar of Nemelex Xobeh.
  2006 | D        | Found a hide-covered altar of Uskayaw.
  2006 | D        | Found a basalt altar of Yredelemnul.
  2009 | D        | Reached skill level 10 in Armour
  2009 | D        | Found an iron altar of Okawaru.
  2009 | D        | Found a radiant altar of Vehumet.
  2009 | D        | Found a glowing silver altar of Zin.
  2101 | D        | Found a glowing golden altar of the Shining One.
  2108 | D        | Noticed an ice statue
  2113 | D        | Noticed a sixfirhy
  2119 | D        | Noticed a sixfirhy
  2126 | D        | Killed an ice statue
  2127 | D        | Reached skill level 10 in Dodging
  2131 | D        | Engulfed by a cloud of freezing vapour

Illustrated notes

Levels and vault maps discovered:
D:        the_violet_keep_of_menkaure [sprint2_stairs_cluster_1,
          sprint2_shoproom, sprint2_temple, sprint2_basic_supplies,
          sprint2_obstacle_1, sprint2_obstacle_2, sprint2_obstacle_4,
          sprint2_obstacle_6, sprint2_obstacle_7, sprint2_timed_cluster_1,
          sprint2_smallroom_cluster_1, sprint2_smallroom_final_cluster_1,
          sprint2_transparent_cluster_1, sprint2_second_timed_cluster_1,
          sprint2_sniper_area_1, sprint2_heavy_combat_area_1,
          sprint2_mutation_trap_area_1, sprint2_forest_area_1,
          sprint2_light_combat_area_1, sprint2_behind_water_1,
          sprint2_near_end_vault_1]

Skill      XL: |  1  2  3  4  5  6  7  8  9 10 |
---------------+-------------------------------+-----
Fighting       | 6 7 8 10 13 15 17 18 | 18.0
Axes           | 6 7 9 10 13 15 18 | 18.3
Armour         | 3 4 5 6 7 9 10 | 10.3
Dodging        | 3 4 5 6 8 9 10 | 10.0
Stealth        | 1 2 |  2.2
Shields        | 1 2 |  2.2

Action                   |  1- 3 |  4- 6 |  7- 9 | 10-12 || total
-------------------------+-------+-------+-------+-------++-------
Melee: Hand axe          |     6 |    26 |    51 |       ||    83
       Headbutt          |     2 |     2 |    16 |     5 ||    25
       Punch             |       |       |     1 |     1 ||     2
       Broad axe         |       |       |    47 |    13 ||    60
Invok: Berserk           |     1 |     2 |     4 |     1 ||     8
  Use: Potion            |       |       |     1 |     1 ||     2
Armor: Animal skin       |       |       |     1 |       ||     1
       Chain mail        |       |       |    16 |     2 ||    18
Dodge: Dodged            |     3 |     9 |    48 |     7 ||    67
Block: Other             |       |       |    12 |       ||    12
       Reflection        |       |       |     1 |       ||     1

Table legend: (Time is in decaauts)
 A = Elapsed time spent in this place.
 B = Non-inter-level travel time spent in this place.
 C = Inter-level travel time spent in this place.
 D = Time resting spent in this place.
 E = Time spent auto-exploring this place.
 F = Levels seen in this place.
 G = Mean time per level.
                   A        B        C        D        E       F      G
               +--------+--------+--------+--------+--------+-----+--------+
         Total |   2166 |   2166 |      0 |   1672 |      0 |   1 | 2166.0 |
       Dungeon |   2166 |   2166 |      0 |   1672 |      0 |   1 | 2166.0 |
               +--------+--------+--------+--------+--------+-----+--------+

Top non-repeatable levels by time:
       D: 2166 daAuts
